 Dungeon Crawl Stone Soup version 0.29-a0-495-g17b79114eb (webtiles) character file.

Game seed: 409134288096569924

6732 hquester the Fighter (level 10, -16/101 (106) HPs)
             Began as a Troll Fighter on May 27, 2022.
             Was a Priest of Qazlal.
             Killed from afar by a Hell Sentinel (33 damage)
             ... with damnation
             ... on level 2 of the Abyss.
             The game lasted 00:31:27 (8983 turns).

hquester the Fighter (Troll Fighter)                Turns: 8983, Time: 00:31:28

HP:   -16/101 (106) AC: 12    Str: 26    XL:     10   Next: 75%
MP:   11/11         EV: 11    Int:  4    God:    Qazlal [***...]
Gold: 538           SH: 18    Dex: 13    Spells: 9/9 levels left

rFire   . . .      SeeInvis .     - Unarmed
rCold   . . .      Faith    .   b - +0 kite shield
rNeg    . . .      Spirit   .   o - +0 steam dragon scales
rPois   +          Reflect  +   (helmet restricted)
rElec   .          Harm     .   B - +0 cloak
rCorr   .          Rampage  .   (gloves unavailable)
Will    .....                   (boots unavailable)
Stlth   +.........              g - amulet of reflection
HPRegen 1.06/turn               y - +4 ring of protection
MPRegen 0.12/turn               w - ring of poison resistance

@: lightly drained
A: large, unfitting armour, claws 3, regeneration 1, shaggy fur 1, tough skin 1
a: Renounce Religion, Upheaval, Elemental Force


You were on level 2 of the Abyss.
You worshipped Qazlal.
Qazlal was most pleased with you.
You visited 2 branches of the dungeon, and saw 11 of its levels.
You visited the Abyss 2 times.
You also visited: Ossuary.

You collected 538 gold pieces.

Inventory:

Hand Weapons
 d - a +2 vorpal long sword
 u - a +5 battleaxe
 C - a +0 flail of protection
 M - a +5 short sword of freezing
Armour
 b - a +0 kite shield (worn)
 o - +0 steam dragon scales (worn)
 B - a +0 cloak (worn)
Jewellery
 e - a +6 ring of strength
 g - an amulet of reflection (around neck)
 p - a ring of resist corrosion
 w - a ring of poison resistance (right claw)
 y - a +4 ring of protection (left claw)
 A - an amulet of magic regeneration
Wands
 q - a wand of polymorph (9)
 x - a wand of iceblast (7)
 L - a wand of acid (12)
Scrolls
 i - 2 scrolls of immolation
 k - 4 scrolls of vulnerability
 l - 3 scrolls of poison
 t - a scroll of amnesia
 v - 2 scrolls of magic mapping
 D - 6 scrolls of teleportation
 J - 2 scrolls of fog
Potions
 a - 2 potions of haste
 c - 3 potions of might
 f - 3 potions of flight
 h - a potion of degeneration
 j - a potion of resistance {unknown}
 m - 3 potions of magic
 n - 7 potions of curing
 r - a potion of mutation {unknown}
 s - 3 potions of lignification
 z - 4 potions of heal wounds
 E - 3 potions of invisibility
 F - 2 potions of brilliance
 G - a potion of berserk rage {unknown}
 H - 2 potions of cancellation {unknown}


   Skills:
 * Level 8.6 Fighting
 + Level 4.5 Maces & Flails
 + Level 6.1 Dodging
 + Level 6.8 Shields
 + Level 7.1 Unarmed Combat
 + Level 2.8 Invocations


You had 9 spell levels left.
You didn't know any spells.
Your spell library contained the following spells:

 Spells                   Type           Power      Damage    Failure   Level
 Sandblast                Erth           0%         2d4       75%         1
 Passwall                 Tmut/Erth      0%         N/A       87%         2
 Static Discharge         Conj/Air       0%         N/A       87%         2
 Ignite Poison            Fire/Tmut/Pois 0%         N/A       98%         3
 Mephitic Cloud           Conj/Pois/Air  0%         N/A       98%         3
 Stone Arrow              Conj/Erth      0%         3d7       98%         3
 Dispel Undead            Necr           0%         3d6       100%        4
 Sticky Flame             Conj/Fire      0%         2d3       100%        4
 Freezing Cloud           Conj/Ice/Air   0%         6-21      100%        5
 Conjure Ball Lightning   Conj/Air       0%         3x3d6     100%        6
 Maxwell's Capacitive Co  Air            0%         ∞         100%        8


Dungeon Overview and Level Annotations

Branches:
Dungeon (10/15)            Temple (1/1) D:5             Orc (0/2) D:10
Ossuary (visited)
   Lair: D:8-11

Altars:
Ashenzari
Cheibriados
Dithmenos
Elyvilon
Fedhas
Gozag
Hepliaklqana
Kikubaaqudgha
Makhleb
Nemelex Xobeh
Okawaru
Qazlal
Ru
Sif Muna
Trog
Uskayaw
Vehumet
Wu Jian
Xom
Yredelemnul
Zin
The Shining One

Shops:
D:4 *   D:9 *   D:10 *

Annotations:
D:10 Erolcha


Innate Abilities, Weirdness & Mutations

You are too large for most types of armour.
You have claws for hands.
Your natural rate of healing is unusually fast.
You are covered in fur. (AC +1)
You have tough skin. (AC +1)


Message History

a +0 battleaxe; a +0 robe
Things that are here:
a +0 trident; a +0 robe A Hell Sentinel comes into view.
Things that are here:
a +0 battleaxe; a +0 robe You scratch the blizzard demon but do no damage.
The blizzard demon hits you! You block the blizzard demon's attack.
You scratch the blizzard demon.
The blizzard demon is lightly wounded.
The blizzard demon gestures at you. The bolt of lightning misses you.
The bolt of lightning hits the Hell Sentinel.
The Hell Sentinel completely resists.
You claw the blizzard demon!
The blizzard demon is lightly wounded.
The blizzard demon gestures at you. The freezing blast engulfs you!!
* * * LOW HITPOINT WARNING * * *
You scratch the blizzard demon but do no damage.
The blizzard demon is lightly wounded.
The Hell Sentinel gestures at you.
The iron shot reflects off an invisible shield around you!
The iron shot hits the Hell Sentinel!!
The blizzard demon is engulfed in freezing vapours.
The blizzard demon barely misses you. You block the blizzard demon's attack.
You scratch the blizzard demon.
The blizzard demon is lightly wounded.
The blizzard demon is engulfed in freezing vapours.
The blizzard demon hits you.
* * * LOW HITPOINT WARNING * * *
The blizzard demon closely misses you.
You claw the blizzard demon!
The blizzard demon is moderately wounded.
The blizzard demon waves its arms in wide circles.
The air twists around and strikes you!
* * * LOW HITPOINT WARNING * * *
The Hell Sentinel gestures at you.
The sphere of damnation explodes!
The damnation engulfs you!!
You die...

#..#.#...##.# #
. ## .
.....'.... #
..###○☼○ .# ...
#
.#..#....○.#####
##. .. .#...☼#.
.# . ..#.
.#.##○.### ###
#).._ #☼2##.# #
# #.
..#.#☼§##.#.. #.
. v ###@1.....#
.## .. #....#...
. .. #
z.......... #.
## ##.####.## #.
..# .# # .#. #
## ##


You could see a Hell Sentinel and a blizzard demon.

Vanquished Creatures
  A tentacled starspawn (Abyss:1)
  A two-headed ogre (D:8)
  A thrashing horror (Abyss:1)
  A spatial maelstrom (Abyss:2)
  A will-o-the-wisp (Abyss:2)
  The ghost of jlumianski the Chopper, a novice DsFi of Qazlal (D:6)
  A smoke demon (Abyss:1)
  A komodo dragon (D:10)
  Maggie (D:6)
  A shadow (D:9)
  Sigmund (D:5)
  A wyvern (D:9)
  A wraith (D:10)
  Eustachio (D:4)
  Menkaure (D:5)
  A two-headed ogre zombie (D:10)
  2 water moccasins (D:8)
  2 orc warriors
  2 black bears
  An ogre (D:5)
  A centaur (D:8)
  2 elf zombies (Ossuary)
  2 kobold brigands (D:9)
  3 phantoms
  4 bullfrogs
  A necrophage (D:6)
  3 scorpions
  12 wights
  2 troll zombies (D:10)
  8 killer bees
  A howler monkey (D:9)
  7 hounds
  4 centaur zombies (Ossuary)
  6 orc priests
  6 human zombies (Ossuary)
  Crazy Yiuf (D:6)
  2 gnoll shamans
  4 jellies
  Ijyb (D:5)
  An iguana (D:5)
  Jessica (D:2)
  4 orc wizards
  5 ogre zombies (D:10)
  3 mummies (Ossuary)
  10 adders
  15 gnolls
  2 white imps (D:6)
  An ufetubus (D:4)
  2 worms
  A dart slug (D:1)
  24 orcs
  5 bats
  7 endoplasms
  3 giant cockroaches
  10 goblins
  12 hobgoblins
  12 kobolds
  5 quokkas
  6 ball pythons
  A frilled lizard (D:2)
  3 goblin zombies (D:10)
  3 hobgoblin skeletons (D:10)
  4 orc skeletons (D:10)
  15 orc zombies (D:10)
  7 rats
255 creatures vanquished.

Vanquished Creatures (others)
  6 starspawn tentacles (Abyss:1)
6 creatures vanquished.

Grand Total: 261 creatures vanquished

Notes
Turn   | Place    | Note
-------+----------+-------------------------------------------
     0 | D:1      | hquester the Troll Fighter began the quest for the Orb.
     0 | D:1      | Reached XP level 1. HP: 22/22 MP: 0/0
    93 | D:1      | Reached XP level 2. HP: 29/29 MP: 1/1
   606 | D:2      | Reached XP level 3. HP: 36/36 MP: 2/2
   696 | D:2      | Noticed Jessica
   704 | D:2      | Killed Jessica
   705 | D:2      | Reached skill level 3 in Fighting
   870 | D:2      | Reached XP level 4. HP: 45/45 MP: 3/3
   883 | D:2      | Found an ornate altar of the Wu Jian Council.
   993 | D:3      | Reached XP level 5. HP: 53/53 MP: 4/4
  1010 | D:3      | Found a shadowy altar of Dithmenos.
  1155 | D:3      | Identified the +1 buckler "Ukyxiu" {rElec Will+ MP+9}
  1246 | D:3      | Got the Handbook of Poison and the Birds
  1806 | D:4      | Reached skill level 4 in Fighting
  1953 | D:4      | Reached XP level 6. HP: 61/62 MP: 5/5
  2056 | D:4      | Noticed Eustachio
  2082 | D:4      | Killed Eustachio
  2151 | D:4      | Found Jidox's General Store.
  2760 | D:4      | Reached XP level 7. HP: 70/71 MP: 6/6
  2946 | D:5      | Entered Level 5 of the Dungeon
  2961 | D:5      | Noticed Sigmund
  3079 | D:5      | Reached skill level 5 in Fighting
  3118 | D:5      | Noticed Menkaure
  3130 | D:5      | Killed Menkaure
  3209 | D:5      | Found a staircase to the Ecumenical Temple.
  3211 | D:5      | Noticed Ijyb
  3223 | D:5      | Killed Ijyb
  3224 | D:5      | Reached XP level 8. HP: 81/81 MP: 7/7
  3230 | Temple   | Entered the Ecumenical Temple
  3403 | Temple   | Became a worshipper of Qazlal Stormbringer
  4338 | D:5      | Killed Sigmund
  4339 | D:5      | Reached skill level 6 in Fighting
  4339 | D:5      | Reached skill level 1 in Maces & Flails
  4339 | D:5      | Reached skill level 5 in Shields
  4339 | D:5      | Reached skill level 5 in Unarmed Combat
  4853 | D:6      | Noticed Maggie
  4870 | D:6      | Killed Maggie
  5059 | D:6      | Found a sand-covered staircase.
  5066 | Ossuary  | Entered an ossuary
  5120 | Ossuary  | Reached XP level 9. HP: 92/92 MP: 8/8
  5162 | Ossuary  | Reached * piety under Qazlal
  5192 | Ossuary  | Reached skill level 5 in Dodging
  5358 | D:6      | Found a runed translucent door.
  5359 | D:6      | Noticed Crazy Yiuf
  5371 | D:6      | Killed Crazy Yiuf
  5518 | D:6      | Found a runed translucent door.
  5519 | D:6      | Noticed jlumianski's ghost (novice DsFi)
  5532 | D:6      | Reached skill level 7 in Fighting
  5544 | D:6      | Killed jlumianski's ghost
  5559 | D:6      | Found a runed translucent door.
  6223 | D:7      | Reached ** piety under Qazlal
  6963 | D:8      | Reached skill level 1 in Invocations
  6972 | D:8      | Reached XP level 10. HP: 95/104 MP: 9/9
  7354 | D:8      | Noticed a two-headed ogre
  7364 | D:8      | Killed a two-headed ogre
  7365 | D:8      | Reached skill level 8 in Fighting
  8336 | D:9      | Found Plog's General Store.
  8464 | D:10     | Entered Level 10 of the Dungeon
  8524 | D:10     | Reached *** piety under Qazlal
  8583 | D:10     | Found a staircase to the Orcish Mines.
  8608 | D:10     | Noticed Erolcha
  8654 | D:10     | Cast into level 1 of the Abyss (Erolcha)
  8687 | Abyss:1  | Noticed a tentacled starspawn
  8695 | Abyss:1  | Noticed a smoke demon
  8702 | Abyss:1  | Noticed a thrashing horror
  8715 | Abyss:1  | Killed a thrashing horror
  8720 | Abyss:1  | Killed a smoke demon
  8731 | Abyss:1  | Killed a tentacled starspawn
  8733 | Abyss:1  | Noticed a smoke demon
  8736 | D:10     | Escaped the Abyss
  8841 | D:10     | Found Axite's Assorted Antiques.
  8904 | D:10     | Cast into level 2 of the Abyss (Erolcha)
  8908 | Abyss:2  | Found a burning altar of Makhleb.
  8913 | Abyss:2  | Noticed a spatial maelstrom
  8948 | Abyss:2  | Killed a spatial maelstrom
  8954 | Abyss:2  | Noticed a will-o-the-wisp
  8967 | Abyss:2  | Found a burning altar of Makhleb.
  8967 | Abyss:2  | Noticed a blizzard demon
  8973 | Abyss:2  | Killed a will-o-the-wisp
  8976 | Abyss:2  | Noticed a Hell Sentinel
  8983 | Abyss:2  | Killed from afar by a Hell Sentinel

Illustrated notes

Levels and vault maps discovered:
D:1:      scummos_arrival_simple_crosswalls, layout_basic,
          chequers_serial_rivers_marsh
D:2:      layout_rooms, basic_altar, minmay_misc_feat_tower, uniq_jessica
D:3:      minmay_thinvault, layout_rooms, nicolae_dithmenos_shadow_blocks
D:4:      layout_basic, serial_corexii_hall, corexii_hall_statues_deadend,
          corexii_hall_statues_i, corexii_hall_statues_x,
          chequers_hall_statues_y, serial_shops, shop, minmay_liquid_box,
          uniq_eustachio
D:5:      layout_layer_cave, minmay_temple_entry_statues_fountains,
          serial_glass, glass_columns_a, glass_columns_c, glass_columns_a,
          glass_columns_b, glass_columns_c, glass_columns_a, glass_columns_b,
          glass_columns_c, glass_columns_a, glass_columns_a, glass_columns_c,
          glass_columns_b, glass_columns_b, glass_columns_b, feat_on_display,
          item_on_display_a, minmay_strange_pillars, feat_on_display,
          grunt_ministairs_9, uniq_ijyb, uniq_sigmund, uniq_menkaure
D:6:      layout_basic, chequers_ossuary_entry_cave, ebering_ghost_sewer_f,
          uniq_maggie, uniq_crazy_yiuf_cottage
D:7:      layout_basic
D:8:      layout_loops_cross, eino_tiny_chamber
D:9:      layout_loops_ring, serial_shops, nicolae_lakefront_shop,
          hangedman_decor_riveting, st_stairs_8, columned_hall_lemuel
D:10:     layout_roguey, zombieorc2_lemuel, serial_shops, nicolae_stop_n_shop_1,
          uniq_erolcha
Temple:   mainiacjoe_temple_starburst
Abyss:2:  base:
D:9

Skill      XL: |  1  2  3  4  5  6  7  8  9 10 |
---------------+-------------------------------+-----
Shields        | 3 4 5 6 |  6.8
Fighting       | 3 4 5 6 7 8 |  8.6
Dodging        | 3 4 5 6 |  6.1
Unarmed Combat | 3 4 5 6 7 |  7.1
Maces & Flails | 2 3 4 |  4.5
Invocations    | 1 2 |  2.8

Action                   |  1- 3 |  4- 6 |  7- 9 | 10-12 || total
-------------------------+-------+-------+-------+-------++-------
Melee: Unarmed           |    60 |   157 |   396 |   286 ||   899
  Use: Scroll            |       |     7 |    12 |     3 ||    22
       Potion            |       |       |     1 |       ||     1
 Stab: Sleeping          |     1 |     1 |       |       ||     2
Armor: Robe              |    14 |    29 |    40 |       ||    83
       Steam dragon scal |       |       |    33 |    51 ||    84
Dodge: Dodged            |    23 |    38 |    90 |    64 ||   215
Block: Kite shield       |    28 |    92 |   260 |   194 ||   574
       Reflection        |       |     1 |     1 |     7 ||     9

Table legend: (Time is in decaauts)
 A = Elapsed time spent in this place.
 B = Non-inter-level travel time spent in this place.
 C = Inter-level travel time spent in this place.
 D = Time resting spent in this place.
 E = Time spent auto-exploring this place.
 F = Levels seen in this place.
 G = Mean time per level.
                   A        B        C        D        E       F      G
               +--------+--------+--------+--------+--------+-----+--------+
         Total |   9014 |   8613 |    401 |    236 |   5765 |  14 |  643.9 |
       Dungeon |   8072 |   7743 |    329 |    236 |   5215 |  10 |  807.2 |
        Temple |    577 |    505 |     72 |      0 |    499 |   1 |  577.0 |
         Abyss |    159 |    159 |      0 |      0 |     33 |   2 |   79.5 |
       Ossuary |    205 |    205 |      0 |      0 |     18 |   1 |  205.0 |
               +--------+--------+--------+--------+--------+-----+--------+

Top non-repeatable levels by time:
     D:4: 1236 daAuts
     D:5: 1211 daAuts
     D:6: 951 daAuts
     D:7: 913 daAuts
     D:3: 844 daAuts
     D:9: 820 daAuts
     D:8: 769 daAuts
  Temple: 577 daAuts
     D:2: 486 daAuts
     D:1: 479 daAuts
    D:10: 360 daAuts
 Ossuary: 205 daAuts
 Abyss:1: 81 daAuts
 Abyss:2: 77 daAuts
